 Dungeon Crawl Stone Soup version 0.22.0-38-g04b72b8 (webtiles) character file.

240 brik the Slasher (level 5, 0/41 HPs)
             Began as a Demonspawn Chaos Knight on Aug 28, 2018.
             Succumbed to a worker ant's poison
             ... on level 4 of the Dungeon.
             The game lasted 00:05:52 (3285 turns).

brik the Slasher (Demonspawn Chaos Knight)          Turns: 3285, Time: 00:05:53

Health: 0/41       AC:  8    Str: 14    XL:     5   Next: 79%
Magic:  5/5        EV: 10    Int: 13    God:    Xom [.*....]
Gold:   80         SH:  0    Dex: 12    Spells: 4/4 levels left

rFire    + . .     SeeInvis .   a - +0 falchion (chaos)
rCold    + . .     Gourm    .   (no shield)
rNeg     . . .     Faith    .   f - +1 ring mail {rC+}
rPois    .         Spirit   .   (no helmet)
rElec    .         Reflect  .   (no cloak)
rCorr    .         Harm     .   (no gloves)
MR       .....                  (no boots)
Stlth    +.........             (no amulet)
HPRegen  0.13/turn              (no ring)
MPRegen  0.09/turn              (no ring)

@: lethally poisoned (0 -> -28)
A: yellow scales 1, blurry vision 1, fire resistance 1, screaming 1
a: Renounce Religion


You were on level 4 of the Dungeon.
You worshipped Xom.
You were a plaything of Xom.
You were not hungry.

You visited 1 branch of the dungeon, and saw 4 of its levels.

You collected 80 gold pieces.

Inventory:

Hand Weapons
 a - a +0 falchion of chaos (weapon)
 n - a +1 dagger of venom
Missiles
 e - a throwing net (quivered)
 g - a javelin
Armour
 b - a +3 leather armour
 f - a +1 ring mail of cold resistance (worn)
 j - a +0 ring mail
Scrolls
 h - a scroll of teleportation {unknown}
 k - 2 scrolls of identify
 o - a scroll of enchant weapon {unknown}
Potions
 d - 2 potions of brilliance
 l - a potion of heal wounds
 m - 2 potions of lignification {unknown}
 p - a potion of ambrosia
Comestibles
 c - 5 rations


   Skills:
 - Level 3.0 Fighting
 + Level 6.0 Long Blades
 - Level 1.7 Armour
 - Level 0.8 Dodging


You had 4 spell levels left.
You didn't know any spells.
Your spell library was empty.

Dungeon Overview and Level Annotations

Branches:
Dungeon (4/15)
 Temple: D:4-7

Altars:
Makhleb
Nemelex Xobeh
Okawaru
Xom


Innate Abilities, Weirdness & Mutations

You are partially covered in yellow scales. (AC +2)
Your flesh is heat resistant. (rF+)
Scrolls take you a little longer to read.
You occasionally shout uncontrollably at your foes.


Message History

The scorpion stings you. Something bites you.
* * * LOW HITPOINT WARNING * * *
You are more poisoned.
Something poisons you!
You hit the scorpion but do no damage.
* * * LOW HITPOINT WARNING * * *
You feel sick. The scorpion barely misses you.
Something bites you but does no damage.
You closely miss the scorpion.
* * * LOW HITPOINT WARNING * * *
You feel sick. The scorpion stings you.
* * * LOW HITPOINT WARNING * * *
Something bites you.
* * * LOW HITPOINT WARNING * * *
You are more poisoned.
Something poisons you!
You hit the scorpion.
The scorpion is lightly wounded.
You die...
Xom snickers!

#. #. #s
.####
..§.
#######.#
#...{@s§#
#..§.§§<#
#.......#
#.......#
#.......#
#.......#
#########


You could see a scorpion.

Vanquished Creatures
  A sky beast (D:3)
  A hound (D:3)
  2 adders (D:3)
  2 gnolls (D:2)
  3 oozes
  A worm (D:2)
  A dart slug (D:1)
  2 leopard geckos
  3 orcs
  2 giant cockroaches (D:3)
  6 goblins
  5 hobgoblins
  13 jackals
  5 kobolds
  A quokka (D:3)
  A ball python (D:2)
  5 bats
  4 frilled lizards
  A leopard gecko skeleton (D:3)
  5 rats
64 creatures vanquished.

Notes
Turn   | Place    | Note
-------+----------+-------------------------------------------
     0 | D:1      | brik the Demonspawn Chaos Knight began the quest for the Orb.
     0 | D:1      | Reached XP level 1. HP: 18/18 MP: 1/1
    19 | D:1      | Reached skill level 3 in Long Blades
    44 | D:1      | Gained mutation: Your flesh is heat resistant. (rF+) [demonic ancestry]
    44 | D:1      | Reached XP level 2. HP: 22/24 MP: 2/2
   817 | D:2      | Reached XP level 3. HP: 18/29 MP: 3/3
   820 | D:2      | XOM: silly message
   934 | D:2      | Reached skill level 4 in Long Blades
  1138 | D:2      | Found an iron altar of Okawaru.
  1146 | D:2      | XOM: smoke on damage
  1153 | D:2      | XOM: smoke on damage
  1162 | D:2      | HP: 1/29 [orc/stone (2)]
  1572 | D:2      | XOM: enchant monster (bad)
  1709 | D:2      | XOM: snakes to sticks
  1731 | D:2      | Gained mutation: You are partially covered in yellow scales. (AC +2) [demonic ancestry]
  1731 | D:2      | Reached XP level 4. HP: 24/35 MP: 4/4
  1810 | D:2      | XOM: scenery: create altars
  1965 | D:2      | XOM: god gift: potion of ambrosia
  2068 | D:3      | Found a burning altar of Makhleb.
  2080 | D:3      | Reached skill level 5 in Long Blades
  2301 | D:3      | XOM: mild Tloc miscast
  2302 | D:3      | Noticed a spatial vortex
  2521 | D:3      | XOM: divination: detect creatures
  2658 | D:3      | Reached XP level 5. HP: 35/41 MP: 5/5
  2771 | D:3      | Found a sparkling altar of Nemelex Xobeh.
  2951 | D:3      | XOM: give mutations
  2951 | D:3      | Gained mutation: Scrolls take you a little longer to read. [Xom's mischief]
  2951 | D:3      | Gained mutation: You occasionally shout uncontrollably at your foes. [Xom's mischief]
  3001 | D:3      | Noticed a sky beast
  3001 | D:3      | an adder changed into a sky beast
  3006 | D:3      | Killed a sky beast
  3006 | D:3      | Reached skill level 6 in Long Blades
  3117 | D:3      | XOM: cloud trail
  3275 | D:4      | XOM: mild Conj miscast
  3284 | D:4      | HP: 1/41 [something (4)]
  3285 | D:4      | Succumbed to a worker ant's poison

Skill      XL: |  1  2  3  4  5 |
---------------+----------------+-----
Long Blades    | 3 4 5 6 |  6.0
Fighting       | |  3.0
Armour         | |  1.7
Dodging        | |  0.8

Action                   |  1- 3 |  4- 6 || total
-------------------------+-------+-------++-------
Melee: Falchion          |    91 |   111 ||   202
  Use: Potion            |     2 |       ||     2
       Scroll            |       |     4 ||     4
 Stab: Petrified         |     4 |       ||     4
       Confused          |       |     1 ||     1
       Sleeping          |       |     1 ||     1
  Eat: Chunk             |     3 |     5 ||     8
Armor: Leather armour    |    36 |    13 ||    49
       Ring mail         |       |    41 ||    41
Dodge: Dodged            |    66 |    66 ||   132
       Rpst.: Falchion   |    19 |    14 ||    33
